Map: Deathaura LE

Players

JusticeSimon - Winner!

  • Race: Protoss Protoss
  • Spawn Location: 11:00

MeomaikaFan (Peppy)

  • Race: Zerg Zerg
  • League: Grandmaster
  • Spawn Location: 5:00

Event: DreamHack SC2 Masters 2020 Winter

VOD

Have the link to the VOD?

Description

Time

  • Played on: Oct. 9, 2020, 10:25 p.m.
  • Length: 14:20

All games in this series

Show
View Real Time Build Order
Export as new Build Order

JusticeSimon Protoss - Winner!

Build Orders: 1 Gate Expand, Archon Immortal, Archon Drop, Dark Templar Rush 

Get SALT Encoding   

  12  0:00  Probe  
  13  0:12  Probe  
  14  0:18  Pylon  
  14  0:25  Probe  
  15  0:37  Probe (Chrono Boost)  
  16  0:44  Gateway  
  16  0:47  Probe (Chrono Boost)  
  16  0:49  Assimilator  
  17  0:52  Probe (Chrono Boost)  
  18  1:03  Probe  
  19  1:15  Probe  
  20  1:26  Nexus  
  20  1:38  Cybernetics Core  
  20  1:40  Probe  
  20  1:44  Assimilator  
  21  1:54  Pylon  
  21  1:56  Probe  
  22  2:08  Probe  
  23  2:12  Adept (Chrono Boost)  
  25  2:17  Warp Gate  
  25  2:20  Probe  
  26  2:27  Twilight Council  
  26  2:32  Probe (Chrono Boost)  
  26  2:34  Stalker (Chrono Boost)  
  27  2:42  Probe (Chrono Boost)  
  30  2:50  Probe (Chrono Boost)  
  32  2:52  Probe (Chrono Boost)  
  32  2:57  Probe x2 (Chrono Boost)  
  33  3:00  Robotics Facility  
  33  3:17  Probe x2  
  35  3:22  Dark Shrine  
  35  3:25  Gateway  
  35  3:29  Probe  
  35  3:30  Probe  
  35  3:33  Gateway  
  37  3:42  Probe x2  
  37  3:45  Warp Prism (Chrono Boost)  
  41  3:53  Pylon  
  41  3:54  Probe x2  
  43  4:01  Pylon  
  43  4:06  Probe x2  
  45  4:11  Assimilator  
  45  4:12  Adept  
  45  4:14  Pylon, Observer  
  48  4:18  Probe x2  
  50  4:33  Pylon  
  50  4:38  Probe x2  
  51  4:43  Dark Templar x3  
  58  4:50  Probe x2  
  60  4:57  Gateway  
  60  4:58  Pylon  
  60  5:00  Pylon  
  58  5:10  Nexus  
  58  5:13  Observer  
  58  5:22  Dark Templar x2  
  62  5:33  Probe x2  
  62  5:34  Charge  
  64  5:39  Gateway  
  64  5:41  Gateway  
  62  5:43  Forge, Zealot  
  62  5:54  Archon, Dark Templar, Nexus  
  62  5:55  Pylon  
  62  5:56  Probe  
  65  5:59  Probe  
  65  6:01  Assimilator  
  65  6:02  Immortal  
  70  6:07  Archon  
  70  6:11  Probe  
  70  6:12  Probe  
  72  6:29  Probe x2  
  72  6:31  Zealot x2, Sentry  
  72  6:32  Zealot  
  82  6:46  Zealot x2  
  82  6:50  Archon  
  69  7:03  Zealot x4  
  69  7:04  Immortal  
  79  7:08  Probe  
  79  7:09  Probe  
  81  7:17  Zealot x2  
  81  7:21  Probe  
  84  7:29  Probe  
  81  7:31  Protoss Ground Weapons Level 1, Probe  
  81  7:32  Zealot  
  81  7:33  Zealot x3, Probe  
  91  7:40  Immortal (Chrono Boost), Templar Archives  
  91  7:41  Probe  
  91  7:43  Probe  
  97  7:45  Probe  
  97  7:51  Pylon  
  98  7:53  Sentry  
  98  7:55  Assimilator  
  98  7:57  Pylon x2  
  100  7:58  Photon Cannon  
  100  7:59  Pylon  
  100  8:00  Assimilator  
  100  8:01  Photon Cannon, Pylon  
  100  8:12  Robotics Bay  
  100  8:15  Immortal  
  104  8:22  Zealot x4, Sentry x2  
  116  8:30  Photon Cannon  
  116  8:32  Shield Battery  
  116  8:44  Gateway x2  
  116  8:46  Gateway x2  
  116  8:52  Zealot  
  116  8:53  Zealot  
  118  9:01  Sentry x4  
  122  9:14  Colossus (Chrono Boost)  
  122  9:15  Zealot x2  
  100  9:31  Zealot  
  100  9:32  Zealot x3  
  88  9:45  Protoss Ground Weapons Level 2 (Chrono Boost)  
  88  9:47  Robotics Facility  
  88  9:48  Sentry x2  
  88  9:49  Zealot x4  
  100  10:04  Nexus  
  106  10:07  Colossus (Chrono Boost), Observer  
  106  10:10  Pylon  
  106  10:14  Pylon  
  106  10:16  Photon Cannon  
  106  10:17  Photon Cannon  
  106  10:18  Pylon  
  106  10:31  Colossus (Chrono Boost)  
  112  10:37  Zealot x4  
  112  10:38  Blink (Chrono Boost)  
  120  10:48  Colossus (Chrono Boost)  
  126  10:52  Photon Cannon  
  126  10:53  Photon Cannon  
  126  10:55  Shield Battery  
  126  10:59  Dark Templar x2  
  124  11:13  Disruptor (Chrono Boost)  
  124  11:17  Probe x3  
  126  11:27  Disruptor (Chrono Boost)  
  126  11:29  Probe  
  130  11:34  Zealot x7  
  130  11:35  Zealot x3  
  130  11:36  Probe x2  
  152  11:50  Warp Prism (Chrono Boost)  
  152  11:52  Photon Cannon  
  152  11:54  Assimilator  
  153  11:57  Assimilator  
  153  11:59  Observer (Chrono Boost)  
  150  12:15  Stalker  
  150  12:16  Stalker x7  
  150  12:20  Probe x3  
  150  12:21  Probe  
  170  12:26  Disruptor (Chrono Boost)  
  173  12:44  Observer (Chrono Boost)  
  174  12:48  Nexus  
  174  12:50  Stargate  
  170  13:07  Dark Templar x2, Zealot  
  170  13:08  Dark Templar x2  
  178  13:22  Pylon  
  178  13:26  Pylon  
  178  13:31  Photon Cannon  
  178  13:32  Photon Cannon  
  178  13:33  Shield Battery  
  178  13:34  Photon Cannon  
  168  13:56  Zealot x9  
Show
View Real Time Build Order
Export as new Build Order

MeomaikaFan Zerg 

Build Orders: Hatch First, Lurkers 

Get SALT Encoding   

  12  0:00  Drone  
  13  0:12  Overlord  
  13  0:16  Drone  
  14  0:30  Drone  
  14  0:31  Drone  
  16  0:46  Drone  
  17  0:54  Hatchery  
  17  0:55  Drone  
  17  0:58  Drone  
  18  1:10  Extractor  
  17  1:13  Spawning Pool  
  17  1:15  Drone  
  17  1:18  Drone  
  18  1:27  Drone  
  19  1:38  Drone  
  20  1:49  Overlord  
  20  1:59  Queen  
  22  2:06  Queen, Zergling x4  
  26  2:09  Metabolic Boost  
  26  2:14  Drone  
  27  2:17  Drone  
  27  2:22  Drone  
  29  2:27  Drone  
  30  2:35  Drone  
  31  2:39  Drone  
  32  2:44  Hatchery  
  32  2:46  Drone  
  32  2:53  Overlord  
  32  2:56  Drone  
  33  3:00  Drone  
  33  3:06  Drone  
  33  3:10  Spore Crawler  
  33  3:11  Drone x4  
  37  3:14  Spore Crawler  
  37  3:20  Zergling x2  
  37  3:21  Queen  
  37  3:22  Queen  
  37  3:26  Drone  
  43  3:33  Overlord  
  43  3:52  Zergling x2  
  43  3:53  Overlord  
  44  3:57  Zergling x6  
  44  4:02  Drone x2, Overlord  
  49  4:07  Overlord  
  49  4:08  Drone  
  50  4:14  Zergling x8  
  54  4:19  Overlord  
  54  4:21  Roach Warren  
  54  4:22  Zergling x14  
  60  4:27  Zergling x2  
  60  4:28  Spore Crawler  
  60  4:31  Zergling x2  
  61  4:34  Queen  
  61  4:35  Spore Crawler, Zergling x2  
  61  4:37  Zergling x2  
  64  4:46  Overlord  
  63  4:53  Overlord  
  63  4:55  Lair, Drone x4  
  66  5:00  Drone  
  66  5:02  Drone  
  66  5:03  Drone  
  66  5:04  Drone  
  66  5:05  Drone  
  66  5:06  Drone  
  69  5:08  Drone  
  69  5:10  Drone  
  69  5:11  Drone  
  70  5:14  Roach  
  70  5:19  Roach x2  
  73  5:24  Roach x2  
  77  5:33  Spore Crawler  
  74  5:36  Roach x4  
  80  5:46  Roach x4  
  87  5:54  Zergling x2  
  87  5:55  Zergling x14  
  87  5:56  Overseer  
  93  6:04  Zergling x2  
  93  6:05  Zergling x2  
  93  6:10  Roach  
  97  6:17  Roach  
  97  6:23  Overlord  
  97  6:24  Zergling x8  
  97  6:26  Overlord  
  97  6:29  Drone x3  
  97  6:30  Extractor x2  
  97  6:31  Drone  
  97  6:32  Drone  
  96  6:37  Drone  
  95  6:40  Drone  
  95  6:43  Drone  
  95  6:46  Drone  
  93  6:52  Drone  
  93  6:53  Drone  
  92  6:54  Drone  
  92  6:55  Drone  
  84  7:03  Zergling x10  
  84  7:06  Drone x4  
  93  7:10  Glial Reconstitution  
  93  7:13  Drone  
  93  7:14  Drone, Evolution Chamber  
  88  7:16  Drone  
  88  7:21  Roach x3  
  89  7:29  Roach  
  84  7:30  Zergling x10  
  84  7:32  Extractor  
  84  7:33  Extractor  
  86  7:41  Roach x2, Zergling x2  
  91  7:48  Zergling x4  
  91  7:50  Roach  
  95  7:53  Roach  
  95  7:54  Hatchery  
  95  7:58  Extractor  
  95  8:02  Roach x3  
  101  8:06  Roach x2  
  101  8:07  Overlord  
  101  8:08  Overlord x3  
  104  8:15  Overlord  
  104  8:18  Hydralisk Den  
  104  8:19  Overlord  
  103  8:20  Drone x2  
  103  8:21  Drone, Infestation Pit  
  105  8:33  Roach x5  
  114  8:36  Drone x2  
  114  8:37  Drone x4  
  114  8:39  Zerg Missile Weapons Level 1  
  119  8:41  Roach  
  119  8:42  Roach x3  
  119  8:47  Roach x2  
  131  8:53  Roach  
  132  8:59  Roach, Ravager x2  
  132  9:00  Roach  
  135  9:03  Roach  
  137  9:12  Roach x10  
  141  9:17  Roach  
  124  9:25  Roach x2  
  124  9:31  Drone  
  115  9:42  Drone x7  
  118  9:51  Drone, Lurker Den, Hive  
  118  9:52  Drone x2, Muscular Augments  
  120  9:55  Drone x2  
  120  9:58  Drone  
  123  10:01  Hydralisk x3  
  123  10:05  Hydralisk x3  
  135  10:10  Pneumatized Carapace  
  135  10:12  Zergling x6  
  135  10:13  Zergling x6  
  141  10:21  Zergling x6  
  141  10:24  Extractor  
  141  10:25  Extractor  
  141  10:27  Zergling x4  
  144  10:33  Hatchery  
  143  10:36  Zerg Missile Weapons Level 2, Hydralisk  
  143  10:37  Hydralisk x3  
  143  10:40  Overlord  
  150  11:04  Overlord  
  150  11:09  Hydralisk x5  
  150  11:10  Zergling x4  
  160  11:18  Drone x2  
  159  11:27  Overseer  
  159  11:32  Overlord  
  154  11:33  Drone x4  
  154  11:35  Overlord  
  158  11:42  Drone x7  
  158  11:43  Overlord x2  
  158  11:46  Seismic Spines  
  165  11:57  Lurker x9  
  165  11:58  Zergling x12  
  165  11:59  Zergling x8  
  183  12:10  Viper  
  185  12:16  Viper  
  188  12:34  Zergling x2  
  188  12:35  Zergling x16  
  197  12:40  Overlord  
  197  12:45  Overseer x2  
  194  12:52  Hydralisk x2  
  183  13:06  Overseer  
  183  13:07  Hydralisk  
  183  13:08  Hydralisk x10  
  195  13:19  Adaptive Talons  
  169  13:20  Roach  
  169  13:21  Roach x6, Zergling x8  
  169  13:24  Overseer  
  179  13:28  Drone x2  
  178  13:41  Hydralisk x6  
  176  13:52  Hydralisk x4  
Tags
 
Add a new tag
Caveats
  • Supply blocks, unpowered buildings, or Contaminate may cause inaccurate times.
  • Supply counts are checked every 10 seconds.